 Dungeon Crawl Stone Soup version 0.20-a0-1020-g7b9e4fe (webtiles) character file.

221 JeffiDaFish the Shield-Bearer (level 5, -6/33 HPs)
             Began as a Gargoyle Fighter on Apr 18, 2017.
             Killed by divine providence
             ... invoked by an orc priest
              (15 damage)
             ... on level 4 of the Dungeon.
             The game lasted 00:06:36 (2416 turns).

JeffiDaFish the Shield-Bearer (Gargoyle Fighter)    Turns: 2416, Time: 00:06:36

Health: -6/33      AC: 17    Str: 25    XL:     5   Next: 98%
Magic:  5/5        EV:  5    Int:  8    God:
Gold:   143        SH: 11    Dex: 10    Spells: 4/4 levels left

rFire    . . .     SeeInvis +   a - +1 flail
rCold    . . .     Gourm    .   c - +1 shield
rNeg     + . .     Faith    .   m - +0 plate armour
rPois    ∞         Spirit   .   o - +0 helmet
rElec    +         Reflect  .   (no cloak)
rCorr    .         Harm     .   (no gloves)
MR       .....                  (no boots)
Stlth    ..........             (no amulet)
Regen    0.2/turn               e - ring of see invisible
MPRegen  0.1/turn               (no ring)

@: mighty
A: negative energy resistance 1, electricity resistance, unbreathing,
petrification resistance, rot immunity, AC +4
a: no special abilities


You were on level 4 of the Dungeon.
You were not hungry.

You visited 1 branch of the dungeon, and saw 4 of its levels.

You collected 143 gold pieces.

Inventory:

Hand Weapons
 a - a +1 flail (weapon)
Armour
 c - a +1 shield (worn)
 m - a +0 plate armour (worn)
 o - a +0 helmet (worn)
Jewellery
 e - a ring of see invisible (left hand)
Scrolls
 b - a scroll of blinking
 l - 3 scrolls of identify
 n - 3 scrolls of remove curse
 p - 2 scrolls of teleportation
Potions
 d - a potion of might
 h - a potion of brilliance
 i - 5 potions of curing
 q - a potion of haste
 r - a potion of magic {unknown}
Comestibles
 f - 2 bread rations
 g - 4 chunks of flesh
 j - 7 fruits
 k - 2 meat rations


   Skills:
 + Level 3.9 Fighting
 + Level 3.6 Maces & Flails
 + Level 4.1 Armour
 + Level 1.3 Dodging
 + Level 4.5 Shields


You had 4 spell levels left.
You didn't know any spells.

Dungeon Overview and Level Annotations

Branches:
Dungeon (4/15)
 Temple: D:4-7

Altars:
Fedhas
Gozag

Annotations:
D:3 exclusion: oklob plant


Innate Abilities, Weirdness & Mutations

You are resistant to torment.
Your stone body is resilient. (AC +4)
You are immune to poison.
You resist negative energy. (rN+)
You are resistant to electric shocks. (rElec)
You can survive without breathing.
You are immune to petrification.
You are immune to rotting.


Message History

You block the orc's attack. You block the adder's attack.
The orc priest hits you but does no damage.
The orc barely misses you.
You closely miss the adder.
The adder is heavily wounded.
You block the adder's attack. The orc hits you but does no damage.
You block the orc's attack.
The orc priest mumbles some strange prayers to Beogh against you.
Beogh smites you! The adder bites you but does no damage.
The orc hits you but does no damage.
You closely miss the adder.
The adder is heavily wounded.
The orc priest barely misses you. The orc barely misses you.
The adder bites you but does no damage. The orc hits you but does no damage.
The adder bites you.
* * * LOW HITPOINT WARNING * * *
You block the orc's attack.
The orc priest mumbles some strange prayers to Beogh against you.
Beogh smites you!
You die...

#..##.#
#.######## #
##.##.# #.#
#....# #.####
#..### ......
#...# ......
####'###......
#.............
#...).........
#....o@)#+####
####.oS##
#.#.o. #.....$
###.....#
.....## ##...#
....


You could see an orc priest, an adder and 2 orcs.

Vanquished Creatures
  An ogre (D:4)
  A worker ant (D:3)
  3 adders
  2 worms
  A dart slug (D:2)
  3 leopard geckos
  5 orcs
  A ball python (D:2)
  2 giant cockroaches (D:2)
  5 goblins
  10 hobgoblins
  10 jackals (D:2)
  3 bats (D:1)
  2 frilled lizards (D:2)
  7 kobolds
  2 quokka skeletons (D:4)
  3 rats
61 creatures vanquished.

Notes
Turn   | Place    | Note
-------+----------+-------------------------------------------
     0 | D:1      | JeffiDaFish the Gargoyle Fighter began the quest for the Orb.
     0 | D:1      | Reached XP level 1. HP: 14/14 MP: 1/1
   144 | D:1      | Reached XP level 2. HP: 16/19 MP: 2/2
   619 | D:2      | Reached XP level 3. HP: 16/23 MP: 3/3
   781 | D:2      | Found an opulent altar of Gozag.
   914 | D:2      | Reached XP level 4. HP: 11/28 MP: 4/4
  1273 | D:2      | Reached skill level 1 in Dodging
  1752 | D:3      | Found a blossoming altar of Fedhas.
  1773 | D:3      | Noticed an oklob plant
  2216 | D:3      | Reached XP level 5. HP: 27/33 MP: 5/5
  2402 | D:4      | Noticed an ogre
  2412 | D:4      | Killed an ogre
  2416 | D:4      | Killed from afar by an orc priest

Vault maps used:
D:1:      dpeg_arrival_chase
D:2:      st_stairs_8, nicolae_gozag_cash_rules_everything_around_me
D:3:      tgw_fedhas
D:4:      nemelex_xobeh_ov_fountains_minmay, lemuel_crystal_altar,
          overflow_temple_1_default, serial_shops, shop, first_bread

Skill      XL: |  1  2  3  4  5 |
---------------+----------------+-----
Shields        | 4 |  4.5
Dodging        | 1 |  1.3
Maces & Flails | 3 |  3.6
Armour         | 4 |  4.1
Fighting       | |  3.9

Action                   |  1- 3 |  4- 6 || total
-------------------------+-------+-------++-------
Melee: Flail             |   116 |   101 ||   217
  Use: Scroll            |     5 |     4 ||     9
       Potion            |     2 |     4 ||     6
  Eat: Chunk             |       |     5 ||     5
Armor: Scale mail        |    77 |    36 ||   113
       Plate armour      |       |    55 ||    55
Dodge: Dodged            |    33 |    37 ||    70
Block: Shield            |    87 |    72 ||   159
